 Dungeon Crawl Stone Soup version 0.31.0-9-g3a7656b989 (webtiles) character file.

Game seed: 914542425438356008

762 qw the Skirmisher (level 7, -3/32 (40) HPs)
             Began as a Deep Elf Hunter on Feb 2, 2024.
             Incinerated by a bombardier beetle (4 damage)
             ... with a burning spray
             ... on level 6 of the Dungeon.
             The game lasted 00:00:20 (4596 turns).

qw the Skirmisher (Deep Elf Hunter)                 Turns: 4596, Time: 00:00:20

HP:   -3/32 (40)    AC:  6    Str: 10    XL:     7   Next: 51%
MP:   9/9           EV: 11    Int: 14    God:
Gold: 177           SH:  0    Dex: 18    Spells: 6/6 levels left

rFire   . . .        q - +0 orcbow
rCold   . . .        (shield currently unavailable)
rNeg    . . .        e - +0 ring mail
rPois   .            (no helmet)
rElec   .            f - +0 cloak
rCorr   +            (no gloves)
SInv    +            (no boots)
Will    .....        n - amulet of regeneration
Stlth   +            d - ring of resist corrosion
HPRegen 1.05/turn    j - ring of see invisible
MPRegen 0.11/turn

%: no passive effects
@: on fire, glowing, heavily drained
A: no striking features
a: no special abilities


You were on level 6 of the Dungeon.
You visited 1 branch of the dungeon, and saw 6 of its levels.

You collected 177 gold pieces.


   Skills:
 - Level 2.2 Fighting
 + Level 11.5 Ranged Weapons
 - Level 1.0 Armour
 - Level 3.0 Dodging
 - Level 1.2 Stealth


You had 6 spell levels left.
You didn't know any spells.
Your spell library was empty.

Inventory:

Hand Weapons
 q - a +0 orcbow (weapon)
Armour
 e - a +0 ring mail (worn)
 f - a +0 cloak (worn)
Jewellery
 d - a ring of resist corrosion (left hand)
 j - a ring of see invisible (right hand)
 n - an amulet of regeneration (around neck)
Potions
 b - a potion of cancellation
 c - a potion of brilliance {unknown}
 g - a potion of heal wounds {unknown}
 h - 2 potions of might
 i - 2 potions of enlightenment
 k - a potion of curing
 m - a potion of attraction {unknown}
 o - a potion of degeneration {unknown}

Dungeon Overview and Level Annotations

Branches:
Dungeon (6/15)
 Temple: D:4-7

Altars:

Annotations:
D:4 2 runed translucent doors, qw's ghost, amateur DjHu
D:6 Jeremiah; Prince Ribbit


Message History

You shoot an arrow. The arrow hits Jeremiah!
Jeremiah is severely wounded.
The butterfly disappears in a burst of colours!
The butterfly disappears in a burst of colours! x2
Jeremiah asks, "Am I dreaming?
Is this real?"
The butterfly disappears in a burst of colours! x2
The butterfly disappears in a burst of colours!
The butterfly disappears in a burst of colours! x3
The butterfly disappears in a burst of colours! x3
Jeremiah hits you but does no damage.
You feel drained.
The butterfly disappears in a burst of colours! x4
Jeremiah closely misses you.
Jeremiah hits you from afar with a +4 trident of draining!
You feel drained.
4592 ||| READING scroll of teleportation.
As you read the scroll of teleportation, it crumbles to dust.
You feel strangely unstable. Jeremiah closely misses you.
Jeremiah hits you from afar with a +4 trident of draining.
You feel drained.
You shoot an arrow. The arrow hits Jeremiah.
Jeremiah is severely wounded.
Your surroundings suddenly seem different.
A bombardier beetle and a white imp come into view.
Found a fuming silvery potion.
The white imp shouts, "Turn tail, thou qualling crook-pated jarkman!"
You hear a croak.
You hear a shout!
Prince Ribbit comes into view.
An ice beast comes into view.
A shadow imp comes into view.
You shoot an arrow. The arrow barely misses the white imp.
Prince Ribbit gives a loud, deep croak!
The white imp gestures at you. The puff of frost hits you.
The bombardier beetle sprays incendiary fluid at you.
The burning spray hits you.
You are covered in liquid fire!
You shoot an arrow.
The arrow hits the white imp but does no damage.
The liquid fire burns you!
You die...

.... ### ....
.!.. .....
....## .....
....# ......
... #....#
#.#...# #.@..#
#...5.....#
.F..........#
#............#
...............
#......B.......
#..5...Y......#
#............#.


You could see Prince Ribbit, an ice beast, a bombardier beetle, a white imp and
a shadow imp.

Vanquished Creatures
  A black bear (D:5)
  2 ogres (D:5)
  A centaur (D:5)
  A bombardier beetle (D:5)
  2 hounds (D:5)
  2 sleepcaps
  2 iguanas
  3 orc wizards (D:5)
  8 adders
  2 ribbon worms
  A dart slug (D:1)
  7 orcs
  5 ball pythons
  5 bats
  5 endoplasms
  4 giant cockroaches
  14 goblins
  5 hobgoblins
  4 jackals (D:3)
  6 kobolds
  2 quokkas
  A frilled lizard (D:1)
  8 rats
91 creatures vanquished.

Notes
Turn   | Place    | Note
-------+----------+-------------------------------------------
     0 | D:1      | qw the Deep Elf Hunter began the quest for the Orb.
     0 | D:1      | Reached XP level 1. HP: 12/12 MP: 3/3
     0 | D:1      | 0 ||| qw: Version: 0.3-a-155-g5e7d8dd
     0 | D:1      | 0 ||| qw: Game counter: 1969
     0 | D:1      | 0 ||| qw: Melee chars always use a shield: true
     0 | D:1      | 0 ||| qw: God list: Okawaru
     0 | D:1      | 0 ||| qw: Allow faded altars: false
     0 | D:1      | 0 ||| qw: Do Orc after clearing Dungeon:15 true
     0 | D:1      | 0 ||| qw: Do second Lair branch before Depths: true
     0 | D:1      | 0 ||| qw: Lair rune preference: random
     0 | D:1      | 0 ||| qw: Goals: Normal
     0 | D:1      | 0 ||| PLANNING D:1-11
   313 | D:1      | Reached skill level 6 in Ranged Weapons
   313 | D:1      | Reached XP level 2. HP: 16/16 MP: 4/4
   851 | D:1      | 851 ||| UPGRADING to +0 ring mail.
   861 | D:1      | 861 ||| DROPPING +0 leather armour.
   862 | D:1      | 862 ||| UPGRADING to +0 cloak.
   867 | D:1      | 867 ||| UPGRADING to ring of resist corrosion.
   868 | D:1      | 868 ||| UPGRADING to ring of see invisible.
   869 | D:1      | 869 ||| READING scroll labelled UWKUOCZAONK.
   870 | D:1      | 870 ||| DRINKING 2 white potions.
   871 | D:1      | 871 ||| DROPPING scroll of butterflies.
   988 | D:2      | Reached XP level 3. HP: 20/20 MP: 5/5
  1276 | D:2      | Reached skill level 7 in Ranged Weapons
  2227 | D:3      | Reached XP level 4. HP: 25/25 MP: 6/6
  2368 | D:3      | 2368 ||| UPGRADING to amulet of regeneration.
  2373 | D:3      | 2373 ||| READING scroll labelled FAORAM DI XOGU.
  2378 | D:3      | 2378 ||| READING scroll labelled LIUGAU PEIN.
  2378 | D:3      | 2378 ||| ENCHANTING +0 shortbow.
  2379 | D:3      | 2379 ||| READING scroll labelled NEEBEN KAQAYF.
  2480 | D:3      | 2480 ||| DRINKING 2 bubbling golden potions.
  2633 | D:4      | Found a large runed translucent door.
  2633 | D:4      | Found a large runed translucent door.
  2638 | D:4      | Noticed qw's ghost (amateur DjHu)
  2666 | D:4      | Reached skill level 8 in Ranged Weapons
  2710 | D:4      | Reached XP level 5. HP: 29/29 MP: 7/7
  3236 | D:4      | 3236 ||| READING scroll labelled WYGRIG NELUD.
  3236 | D:4      | 3236 ||| IDENTIFYING murky amethyst potion
  3237 | D:4      | 3237 ||| READING scroll labelled HUONYB RETEU.
  3238 | D:4      | 3238 ||| READING scroll labelled TAUSAN OXECES.
  3239 | D:4      | 3239 ||| DRINKING 2 yellow potions.
  3241 | D:4      | 3241 ||| Stepping ~*~*~tactically~*~*~ (cloud).
  3265 | D:4      | 3265 ||| Stepping ~*~*~tactically~*~*~ (cloud).
  3296 | D:5      | Entered Level 5 of the Dungeon
  3342 | D:5      | Noticed an ogre
  3343 | D:5      | 3343 ||| DRINKING potion of haste.
  3348 | D:5      | Killed an ogre
  3349 | D:5      | Reached skill level 9 in Ranged Weapons
  3349 | D:5      | Reached XP level 6. HP: 34/34 MP: 8/8
  3498 | D:5      | Reached skill level 10 in Ranged Weapons
  3539 | D:5      | 3539 ||| SWAPPING to +0 orcbow.
  3541 | D:5      | 3541 ||| DROPPING +1 shortbow.
  3553 | D:5      | Reached skill level 3 in Dodging
  3649 | D:5      | Reached XP level 7. HP: 40/40 MP: 9/9
  3712 | D:5      | Reached skill level 1 in Armour
  3930 | D:5      | Reached skill level 11 in Ranged Weapons
  4445 | D:5      | 4445 ||| DRINKING 2 inky potions.
  4446 | D:5      | 4446 ||| DRINKING 3 fuming black potions.
  4478 | D:5      | 4478 ||| DRINKING 2 grey potions.
  4479 | D:5      | 4479 ||| FLEEEEING.
  4480 | D:5      | 4480 ||| FLEEEEING.
  4481 | D:5      | 4481 ||| FLEEEEING.
  4482 | D:5      | 4482 ||| FLEEEEING.
  4483 | D:5      | 4483 ||| FLEEEEING.
  4484 | D:5      | 4484 ||| FLEEEEING.
  4485 | D:5      | 4485 ||| FLEEEEING.
  4486 | D:5      | 4486 ||| FLEEEEING.
  4487 | D:5      | 4487 ||| FLEEEEING.
  4488 | D:5      | 4488 ||| FLEEEEING.
  4489 | D:5      | 4489 ||| FLEEEEING.
  4490 | D:5      | 4490 ||| FLEEEEING.
  4491 | D:5      | 4491 ||| FLEEEEING.
  4492 | D:5      | 4492 ||| FLEEEEING.
  4493 | D:5      | 4493 ||| FLEEEEING.
  4494 | D:5      | 4494 ||| FLEEEEING.
  4495 | D:5      | 4495 ||| FLEEEEING.
  4496 | D:5      | 4496 ||| FLEEEEING.
  4497 | D:5      | 4497 ||| FLEEEEING.
  4498 | D:5      | 4498 ||| FLEEEEING.
  4499 | D:5      | 4499 ||| FLEEEEING.
  4500 | D:5      | 4500 ||| FLEEEEING.
  4501 | D:5      | 4501 ||| FLEEEEING.
  4502 | D:5      | 4502 ||| FLEEEEING.
  4503 | D:5      | 4503 ||| FLEEEEING.
  4504 | D:5      | 4504 ||| FLEEEEING.
  4505 | D:5      | 4505 ||| FLEEEEING.
  4506 | D:5      | 4506 ||| FLEEEEING.
  4507 | D:5      | 4507 ||| FLEEEEING.
  4508 | D:5      | 4508 ||| FLEEEEING.
  4509 | D:5      | 4509 ||| FLEEEEING.
  4510 | D:5      | 4510 ||| FLEEEEING.
  4511 | D:5      | 4511 ||| FLEEEEING.
  4512 | D:5      | 4512 ||| FLEEEEING.
  4513 | D:5      | 4513 ||| FLEEEEING.
  4514 | D:5      | 4514 ||| FLEEEEING.
  4515 | D:5      | 4515 ||| FLEEEEING.
  4516 | D:5      | 4516 ||| FLEEEEING.
  4517 | D:5      | 4517 ||| FLEEEEING.
  4518 | D:5      | 4518 ||| FLEEEEING.
  4519 | D:5      | 4519 ||| FLEEEEING.
  4520 | D:5      | 4520 ||| FLEEEEING.
  4521 | D:5      | 4521 ||| FLEEEEING.
  4522 | D:5      | 4522 ||| FLEEEEING.
  4523 | D:5      | 4523 ||| FLEEEEING.
  4524 | D:5      | 4524 ||| DROPPING 2 potions of lignification.
  4525 | D:5      | 4525 ||| DROPPING potion of berserk rage.
  4529 | D:6      | Noticed Jeremiah
  4555 | D:6      | 4555 ||| FLEEEEING.
  4556 | D:6      | 4556 ||| STAIRDANCE
  4591 | D:6      | HP: 8/34 [Jeremiah/+4 trident of draining (3)]
  4592 | D:6      | 4592 ||| READING scroll of teleportation.
  4594 | D:6      | Noticed Prince Ribbit
  4595 | D:6      | HP: 1/32 [white imp/puff of frost (6)]
  4596 | D:6      | Incinerated by a bombardier beetle

Levels and vault maps discovered:
D:1:      dpeg_arrival_arbitrary_c, layout_basic
D:2:      layout_basic
D:3:      layout_loops_ring
D:4:      minmay_door_path, layout_basic, ebering_ghost_disaster_area
D:5:      layout_layer_cave
D:6:      layout_rooms, temple_fountains, kennysheep_path_1,
          uniq_prince_ribbit1, uniq_jeremiah

Skill      XL: |  1  2  3  4  5  6  7 |
---------------+----------------------+-----
Ranged Weapons | 6 7 8 9 10 11 | 11.5
Fighting       | 2 |  2.2
Dodging        | 3 |  3.0
Armour         | 1 |  1.0
Stealth        | |  1.2

Action                     |  1- 3 |  4- 6 |  7- 9 || total
---------------------------+-------+-------+-------++-------
   Fire: Shortbow          |   120 |   124 |       ||   244
         Orcbow            |       |    11 |    41 ||    52
    Use: Scroll            |     1 |     6 |     1 ||     8
         Potion            |     1 |     3 |     3 ||     7
 Armour: Ring mail         |    19 |    34 |    20 ||    73
         Leather armour    |     1 |       |       ||     1
  Dodge: Dodged            |    23 |    27 |    11 ||    61

Table legend:
 A = Non-vault XP
 B = Vault XP
 C = Vault XP percentage of total XP
 D = Non-vault monster count
 E = Vault monster count
 F = Vault count percentage of total count
                 A         B        C        D         E       F
            +---------+---------+-------+---------+---------+-------
      Total |    1086 |       3 |   0.3 |      90 |       1 |   1.1
            +---------+---------+-------+---------+---------+-------
        D:1 |      31 |       0 |   0.0 |      16 |       0 |   0.0
        D:2 |      42 |       0 |   0.0 |      17 |       0 |   0.0
        D:3 |      25 |       0 |   0.0 |      16 |       0 |   0.0
        D:4 |     171 |       3 |   1.7 |      22 |       1 |   4.3
        D:5 |     817 |       0 |   0.0 |      19 |       0 |   0.0
            +---------+---------+-------+---------+---------+-------
